 Dungeon Crawl Stone Soup version 0.18.1-5-g4a78601 (webtiles) character file.

174 M4edhros the Insei (level 5, 0/31 HPs)
             Began as an Octopode Necromancer on May 10, 2016.
             Slain by a worker ant (5 damage)
             ... on level 4 of the Dungeon on May 11, 2016.
             The game lasted 00:07:58 (817 turns).

M4edhros the Insei (Octopode Necromancer)            Turns: 817, Time: 00:07:59

Health: 0/31       AC:  1    Str:  6 (7)  XL:     5   Next: 54%
Magic:  1/8        EV: 12    Int: 15 (18) God:
Gold:   55         SH:  0    Dex: 12 (13) Spells: 3 memorised, 3 levels left

rFire  . . .     SeeInvis .       - Unarmed
rCold  . . .     Gourm    .     (no shield)
rNeg   . . .     Faith    .     (helmet restricted)
rPois  .         Spirit   .     (no amulet)
rElec  .         Dismiss  .     (no ring)
rCorr  .         Reflect  .     (no ring)
SustAt .         Harm     .     (no ring)
MR     .....                    (no ring)
Stlth  +++.......               (no ring)
                                (no ring)
                                (no ring)
                                (no ring)

@: lethally poisoned (0 -> -8), very slightly contaminated, not resistant to
hostile enchantments, fairly stealthy
A: almost no armour, amphibious, 8 rings, constrict 8, camouflage 1, gelatinous
body 1
a: no special abilities


You were on level 4 of the Dungeon.
You were hungry.

You visited 1 branch of the dungeon, and saw 5 of its levels.

You collected 55 gold pieces.

Inventory:

Missiles
 i - 8 curare-tipped needles
Scrolls
 c - a scroll of magic mapping
 d - 2 scrolls of recharging
 e - a scroll of vulnerability {unknown}
 k - a scroll of enchant weapon
 m - a scroll of random uselessness {unknown}
Potions
 j - a potion of brilliance
Books
 a - a book of Necromancy

   Spells                             Type                      Level
   a - Pain                           Necromancy                   1
   b - Animate Skeleton               Necromancy                   1
   c - Vampiric Draining              Necromancy                   3
   d - Regeneration                   Charms/Necromancy            3
   e - Animate Dead                   Necromancy                   4
   f - Control Undead                 Necromancy                   4
Comestibles
 b - a bread ration


   Skills:
 - Level 2.0 Dodging
 - Level 2.6 Stealth
 + Level 5.1 Unarmed Combat
 - Level 2.0 Spellcasting
 - Level 4.0 Necromancy


You had 3 spell levels left.
You knew the following spells:

 Your Spells              Type           Power        Failure   Level  Hunger
a - Pain                  Necr           ##..         4%          1    #......
b - Animate Skeleton      Necr           N/A          4%          1    #......
r - Regeneration          Chrm/Necr      #.........   30%         3    ###....


Dungeon Overview and Level Annotations

Branches:
Dungeon (5/15)
 Temple: D:4-7

Altars:
Ashenzari


Innate Abilities, Weirdness & Mutations

You cannot wear most types of armour.
You are amphibious.
You can wear up to eight rings at the same time.
You can use your tentacles to constrict eight enemies at once.
Your skin changes colour to match your surroundings (Stealth).
Your rubbery body absorbs attacks (AC +1).


Message History

The worker ant bites you.
You tentacle-slap the worker ant.
The worker ant is heavily wounded.
You constrict the worker ant. The worker ant bites you.
You barely miss the worker ant.
The worker ant is heavily wounded.
You constrict the worker ant. The worker ant bites you.
* * * LOW HITPOINT WARNING * * *
You tentacle-slap the worker ant but do no damage.
The worker ant is heavily wounded.
You constrict the worker ant. The worker ant bites you.
* * * LOW HITPOINT WARNING * * *
You are lethally poisoned!
The worker ant poisons you!
You tentacle-slap the worker ant but do no damage.
The worker ant is severely wounded.
You constrict the worker ant.
* * * LOW HITPOINT WARNING * * *
You feel sick. The worker ant bites you.
You die...

# .. #. #.# ##.# #.#
#...# #.# .....# #.#
......# #.#
.......#########.#####.#
.......@a..............#
.....#####..####.#######
... #..# #........ .
#..# ######### #a.# #..#
#..# #..# ....


You could see a worker ant.

Vanquished Creatures
  An ogre (D:4)
  A giant frog zombie (D:5)
  2 gnolls (D:2)
  2 adders (D:2)
  2 dart slugs
  A giant gecko (D:5)
  2 orcs (D:4)
  2 bats
  A giant cockroach (D:1)
  A giant gecko skeleton (D:5)
  3 giant newts
  3 kobolds
  2 rats
23 creatures vanquished.

Notes
Turn   | Place    | Note
--------------------------------------------------------------
     0 | D:1      | M4edhros the Octopode Necromancer began the quest for the Orb.
     0 | D:1      | Reached XP level 1. HP: 11/11 MP: 3/3
    14 | D:1      | Reached skill level 1 in Unarmed Combat
    87 | D:1      | You fall through a shaft!
    96 | D:2      | Reached skill level 2 in Unarmed Combat
    96 | D:2      | Reached XP level 2. HP: 9/17 MP: 0/5
   189 | D:2      | Reached XP level 3. HP: 3/21 MP: 0/6
   192 | D:2      | Learned a level 1 spell: Animate Skeleton
   196 | D:2      | Learned a level 3 spell: Regeneration
   313 | D:2      | Reached skill level 3 in Unarmed Combat
   392 | D:4      | Noticed an ogre
   421 | D:4      | Killed an ogre
   421 | D:4      | Reached skill level 4 in Unarmed Combat
   421 | D:4      | Reached XP level 4. HP: 27/27 MP: 4/7
   421 | D:4      | Reached XP level 5. HP: 31/31 MP: 4/8
   479 | D:4      | Noticed an ice beast
   498 | D:5      | Entered Level 5 of the Dungeon
   498 | D:5      | Found a shattered altar of Ashenzari.
   498 | D:5      | Noticed an ogre
   586 | D:5      | Reached skill level 5 in Unarmed Combat
   644 | D:5      | Noticed a centaur
   817 | D:4      | Slain by a worker ant

Skill      XL: |  1  2  3  4  5 |
---------------+----------------+-----
Unarmed Combat | 2 4 5 |  5.1
Dodging        | |  2.0
Stealth        | |  2.6
Spellcasting   | |  2.0
Necromancy     | |  4.0

Action                   |  1- 3 |  4- 6 || total
-------------------------+-------+-------++-------
Melee: Unarmed           |    42 |    24 ||    66
       Constrict         |     9 |     4 ||    13
       Tentacles         |    10 |     3 ||    13
       Punch             |     1 |       ||     1
 Cast: Pain              |    12 |     1 ||    13
       Regeneration      |     5 |     6 ||    11
       Animate Skeleton  |       |     2 ||     2
  Use: Potion            |     1 |     4 ||     5
       Scroll            |       |     3 ||     3
 Stab: Sleeping          |     2 |     1 ||     3
  Eat: Beef jerky        |       |     1 ||     1
       Chunk             |       |     1 ||     1
Armor: Skin              |     5 |     2 ||     7
Dodge: Dodged            |    29 |    12 ||    41
